 Dungeon Crawl Stone Soup version 0.31.0-12-g77e489cdc1 (webtiles) character file.

Game seed: 9033164639215074957

26 Rassilon the Sneak (level 2, 0/13 HPs)
             Began as a Spriggan Enchanter on Feb 14, 2024.
             Succumbed to an adder's poison
             ... on level 2 of the Dungeon.
             The game lasted 00:04:07 (850 turns).

Rassilon the Sneak (Spriggan Enchanter)              Turns: 850, Time: 00:04:07

Health: 0/13       AC:  2    Str:  1 (4)  XL:     2   Next: 89%
Magic:  2/6        EV: 17    Int: 14 (16) God:
Gold:   46         SH:  0    Dex: 14 (15) Spells: 4/6 levels left

rFire   . . .        a - +1 dagger
rCold   . . .        (no shield)
rNeg    . . .        b - +0 robe
rPois   .            (helmet restricted)
rElec   .            (no cloak)
rCorr   .            (gloves unavailable)
SInv    +            (boots unavailable)
Will    .....        (no amulet)
Stlth   +++          (no ring)
HPRegen 0.22/turn    (no ring)
MPRegen 0.10/turn

%: no passive effects
@: lethally poisoned (0 -> -6), attractive, very slightly contaminated, very
quick
A: very small, no large weapons, unfitting armour, see invisible, speed 3
a: no special abilities


You were on level 2 of the Dungeon.
You visited 1 branch of the dungeon, and saw 2 of its levels.

You collected 46 gold pieces.

Inventory:

Hand Weapons
 a - a +1 dagger (weapon)
Missiles
 f - 6 poisoned darts (quivered)
Armour
 b - a +0 robe (worn)
Scrolls
 d - 2 scrolls of blinking {unknown}
 e - a scroll of silence {unknown}
 i - a scroll of immolation {unknown}
 j - a scroll of poison {unknown}
Potions
 c - 2 potions of invisibility
 g - a potion of attraction
 h - 2 potions of degeneration


   Skills:
 + Level 0.1 Fighting
 * Level 1.7 Short Blades
 + Level 3.3 Dodging
 + Level 5.4 Stealth
 + Level 2.7 Spellcasting
 - Level 3.6 Hexes


You had 4 spell levels left.
You knew the following spells:

 Your Spells              Type           Power      Damage    Failure   Level
a - Ensorcelled Hibernat  Hex/Ice        12%        N/A       16%         2

Your spell library contained the following spells:

 Spells                   Type           Power      Damage    Failure   Level
 Confusing Touch          Hex            12%        N/A       16%         3
 Tukima's Dance           Hex            12%        N/A       16%         3
 Dazzling Flash           Conj/Hex       12%        N/A       32%         3


Dungeon Overview and Level Annotations

Branches:
Dungeon (2/15)

Altars:


Innate Abilities, Weirdness & Mutations

You are very small and have problems with some larger weapons.
You are too small for most types of armour.
You have supernaturally acute eyesight. (SInv)
You cover ground extremely quickly. (Speed+++)


Message History

You hit the hobgoblin but do no damage.
The hobgoblin is heavily wounded.
The hobgoblin misses you.
You hit the hobgoblin.
You kill the hobgoblin!
j - a scroll labelled DAAG VABBU A goblin comes into view.
It is wielding a +0 dagger.
An adder comes into view.
The goblin shouts!
You hit the adder but do no damage. The adder bites you.
You are poisoned.
The adder poisons you!
Casting: Ensorcelled Hibernation (safe; 14% risk of failure)
Confirm with . or Enter, or press ? or * to list all spells.
Aiming: Ensorcelled Hibernation (safe; 14% risk of failure)
Press: ? - help, Shift-Dir - straight line, f - adder
Aim: an adder (chance to affect: 50%)
You miscast Ensorcelled Hibernation.
You are very lightly contaminated with residual magic.
Nothing appears to happen.
You feel sick. The adder barely misses you. The adder bites you.
You are lethally poisoned!
The adder poisons you!
Casting: Ensorcelled Hibernation (safe; 14% risk of failure)
Confirm with . or Enter, or press ? or * to list all spells.
Aiming: Ensorcelled Hibernation (safe; 14% risk of failure)
Press: ? - help, Shift-Dir - straight line, f/p - adder
Aim: an adder (chance to affect: 50%)
The adder resists with some effort.
You feel very sick. The adder bites you.
* * * LOW HITPOINT WARNING * * *
It was a potion of degeneration.
There was something very wrong with that liquid.
You feel weakened.
You feel dopey.
You feel clumsy.
* * * LOW HITPOINT WARNING * * *
You feel sick. The adder closely misses you.
It was a potion of attraction.
You feel attractive to monsters.
You die...

####### #########.....
#...........####
#..............# #######
...............###.......
#...............@Sg...#
.......##.#.##.###..#.#
.......##.#.##.# .....
#.####.##.#.##.# ..#.##
#...........##.# ..# #
....##.##.####.# ...
###.##.##.## #.# ..#.
##.##.#...###.# ..#.
##.#.#.........#


You could see an adder and a goblin.

Vanquished Creatures
  A dart slug (D:1)
  2 endoplasms (D:1)
  4 hobgoblins
  4 jackals (D:1)
  A quokka (D:1)
  3 ball pythons (D:1)
  3 bats (D:1)
  3 kobolds
21 creatures vanquished.

Notes
Turn   | Place    | Note
-------+----------+-------------------------------------------
     0 | D:1      | Rassilon the Spriggan Enchanter began the quest for the
                  | Orb.
     0 | D:1      | Reached XP level 1. HP: 9/9 MP: 5/5
   192 | D:1      | Reached skill level 5 in Stealth
   199 | D:1      | Reached XP level 2. HP: 9/13 MP: 6/6
   389 | D:1      | Learned a level 2 spell: Ensorcelled Hibernation
   850 | D:2      | Succumbed to an adder's poison

Illustrated notes

Levels and vault maps discovered:
D:1:      scummos_arrival_checkerplants, layout_basic
D:2:      layout_loops_ring

Skill      XL: |  1 |
---------------+----+-----
Stealth        | 5 |  5.4
Dodging        | 3 |  3.3
Fighting       | |  0.1
Short Blades   | |  1.7
Spellcasting   | |  2.7
Hexes          | |  3.6

Action                     || total
---------------------------++-------
  Melee: Dagger            ||    91
   Cast: Ensorcelled Hiber ||     3
    Use: Potion            ||     2
   Stab: Sleeping          ||     7
 Armour: Robe              ||    25
  Dodge: Dodged            ||    74
